 Dungeon Crawl Stone Soup version 0.19.5 (webtiles) character file.

359 uberloutre the Chopper (level 6, -1/56 HPs)
             Began as a Deep Dwarf Fighter on Mar 3, 2017.
             Slain by Blork the orc
             ... wielding a +0 glaive
              (8 damage)
             ... on level 4 of the Dungeon.
             The game lasted 00:14:57 (2846 turns).

uberloutre the Chopper (Deep Dwarf Fighter)         Turns: 2846, Time: 00:14:58

Health: -1/56      AC:  8    Str: 24    XL:     6   Next: 37%
Magic:  6/6        EV:  8    Int:  9    God:
Gold:   125        SH: 10    Dex: 12    Spells: 0 memorised, 5 levels left

rFire  . . .     SeeInvis .     a - +0 war axe
rCold  . . .     Gourm    .     b - +0 scale mail
rNeg   . . .     Faith    .     c - +0 shield
rPois  .         Spirit   .     (no helmet)
rElec  .         Reflect  .     j - +0 cloak
rCorr  .         Harm     .     (no gloves)
MR     .....                    (no boots)
Stlth  ..........               (no amulet)
                                (no ring)
                                q - +3 ring of strength

@: non-regenerating
A: damage resistance, recharge devices, sense surroundings 1, slow regeneration
3
a: Device Recharging


You were on level 4 of the Dungeon.
You were hungry.

You visited 1 branch of the dungeon, and saw 4 of its levels.

You collected 125 gold pieces.

Inventory:

Hand Weapons
 a - a +0 war axe (weapon)
Armour
 b - a +0 scale mail (worn)
 c - a +0 shield (worn)
 j - a +0 cloak (worn)
Jewellery
 q - a +3 ring of strength (left hand)
 r - a +3 ring of slaying {unknown}
 s - a cursed amulet of inaccuracy {unknown}
 u - a +2 amulet of reflection {unknown}
 y - a +6 ring of intelligence {unknown}
Wands
 e - a wand of heal wounds (0/9)
Scrolls
 i - 2 scrolls of teleportation {unknown}
 k - a scroll of random uselessness {unknown}
 n - 2 scrolls of recharging {unknown}
 p - 2 scrolls of enchant weapon {unknown}
 t - a scroll of fog {unknown}
 v - 2 scrolls of remove curse {unknown}
 x - a scroll of amnesia {unknown}
Potions
 d - a potion of might
 g - a potion of cancellation {unknown}
 h - a potion of invisibility {unknown}
 l - 2 potions of brilliance {unknown}
 m - a potion of agility {unknown}
 o - a potion of heal wounds {unknown}
 z - a potion of ambrosia {unknown}
Comestibles
 f - 3 bread rations
 w - a meat ration
 A - 4 chunks of flesh


   Skills:
 + Level 3.4 Fighting
 + Level 4.8 Axes
 + Level 4.2 Armour
 + Level 1.8 Dodging
 + Level 0.6 Stealth
 + Level 4.8 Shields


You had 5 spell levels left.
You didn't know any spells.

Dungeon Overview and Level Annotations

Branches:
Dungeon (4/15)
 Temple: D:4-7

Altars:
Nemelex Xobeh

Annotations:
D:4 Blork the orc


Innate Abilities, Weirdness & Mutations

You are resistant to damage.
You can recharge devices by infusing magical energy.
You passively map a small area around you.
You do not regenerate.


Message History

Level annotation: Blork the orc
There is a stone staircase leading up, spattered with blood here.
Something hits you! Something hits you.
You closely miss something. Something hits you.
You miss something.
You hear some strange, mumbled words.
A puff of flame appears from out of thin air!
The puff of flame misses you. Something hits you but does no damage.
Your shield and scale mail prevent you from hitting something.
You block something's attack. Something hits you!
You miss something.
You hear some strange, mumbled words.
A puff of flame appears from out of thin air!
The puff of flame hits you! Something hits you!
You hit something but do no damage. Something hits you!
* * * LOW HITPOINT WARNING * * *
Something hits you. Something hits you!
You die...

* * , * ### , ,..
*, *##.## ,
###...##### * * #
#...#.....# ,
###. ,#...# ,
..$.. ##..###
......#.@...# *
#.....)#.......
*#.#.....##.#....
* , #.###[# .#
##. * #. #..*.# *
#, #..# # * * ,,
, ,...# * * * ,
,, #$# ,, , , .#
*


There were no monsters in sight!

Vanquished Creatures
  The ghost of uberloutre the Chopper, an amateur HuBe of Trog (D:3)
  A crimson imp (D:4)
  Terence (D:2)
  9 adders
  7 gnolls
  2 worms
  3 dart slugs
  2 leopard geckos (D:2)
  2 ball pythons (D:2)
  7 bats
  4 giant cockroaches
  7 goblins
  5 hobgoblins
  A frilled lizard (D:2)
  6 kobolds
  6 rats
64 creatures vanquished.

Notes
Turn   | Place    | Note
-------+----------+-------------------------------------------
     0 | D:1      | uberloutre the Deep Dwarf Fighter began the quest for the Orb.
     0 | D:1      | Reached XP level 1. HP: 20/20 MP: 1/1
   146 | D:1      | Reached XP level 2. HP: 24/27 MP: 2/2
   784 | D:2      | Reached XP level 3. HP: 29/33 MP: 3/3
   947 | D:2      | Noticed Terence
   953 | D:2      | Killed Terence
  1209 | D:2      | Reached XP level 4. HP: 34/42 MP: 4/4
  1585 | D:2      | Reached skill level 1 in Dodging
  1757 | D:2      | Found a sparkling altar of Nemelex Xobeh.
  1984 | D:2      | Reached XP level 5. HP: 47/49 MP: 5/5
  2581 | D:3      | Noticed uberloutre's ghost (amateur HuBe)
  2594 | D:3      | Killed uberloutre's ghost
  2594 | D:3      | Reached XP level 6. HP: 42/56 MP: 6/6
  2745 | D:4      | Noticed Blork the orc
  2846 | D:4      | Slain by Blork the orc

Skill      XL: |  1  2  3  4  5 |
---------------+----------------+-----
Fighting       | 3 |  3.4
Axes           | 3 4 |  4.8
Dodging        | 1 |  1.8
Shields        | 4 |  4.8
Armour         | 4 |  4.2
Stealth        | |  0.6

Action                   |  1- 3 |  4- 6 || total
-------------------------+-------+-------++-------
Melee: War axe           |    95 |   158 ||   253
Evoke: Wand              |       |     5 ||     5
  Use: Scroll            |     1 |     1 ||     2
       Potion            |     1 |       ||     1
  Eat: Chunk             |     1 |     5 ||     6
Armor: Scale mail        |    57 |    71 ||   128
Dodge: Dodged            |    38 |    56 ||    94
Block: Shield            |    60 |   108 ||   168
